 Dungeon Crawl Stone Soup version 0.26-a0-652-gafc20e3620 (webtiles) character file.

Game seed: 8446964055295832905

50 looop the Conjurer (level 3, -1/21 HPs)
             Began as an Octopode Conjurer on Oct 3, 2020.
             Killed by nerve-wracking pain
             ... invoked by Jessica
              (10 damage)
             ... on level 2 of the Dungeon.
             The game lasted 00:01:53 (1268 turns).

looop the Conjurer (Octopode Conjurer)              Turns: 1268, Time: 00:01:53

Health: -1/21      AC:  1    Str:  6    XL:     3   Next: 79%
Magic:  0/6        EV: 13    Int: 21    God:
Gold:   53         SH:  0    Dex: 10    Spells: 4/7 levels left

rFire    . . .     SeeInvis .   (no weapon)
rCold    . . .     Faith    .   (no shield)
rNeg     . . .     Spirit   .   (helmet restricted)
rPois    .         Reflect  .   (no amulet)
rElec    .         Harm     .   (no ring)
rCorr    .         Rampage  .   (no ring)
MR       .....                  (no ring)
Stlth    +++.......             (no ring)
HPRegen  0.07/turn              (no ring)
MPRegen  0.10/turn              (no ring)
                                (no ring)
                                (no ring)

@: very slightly contaminated
A: almost no armour, stealthy swim, amphibious, 8 rings, constrict 8, camouflage
1, gelatinous body 1
a: no special abilities


You were on level 2 of the Dungeon.
You visited 1 branch of the dungeon, and saw 2 of its levels.

You collected 53 gold pieces.

Inventory:

Missiles
 c - 9 poisoned darts (quivered)
 g - 5 boomerangs
Jewellery
 e - a cursed -4 ring of protection {unknown}
Scrolls
 a - a scroll of remove curse {unknown}
 b - 3 scrolls of immolation {unknown}
 d - a scroll of identify {unknown}
 f - a scroll of enchant weapon {unknown}
 j - a scroll of fog {unknown}
Potions
 h - 3 potions of degeneration {unknown}
 i - a potion of might {unknown}


   Skills:
 - Level 2.0 Dodging
 - Level 2.6 Stealth
 + Level 2.6 Spellcasting
 * Level 5.0 Conjurations


You had 4 spell levels left.
You knew the following spells:

 Your Spells              Type           Power        Failure   Level
a - Magic Dart            Conj           ###.         1%          1
b - Searing Ray           Conj           ###...       2%          2

Your spell library contained the following spells:

 Spells                   Type           Power        Failure   Level
 Dazzling Flash           Conj/Hex       ##....       16%         3
 Fulminant Prism          Conj/Hex       ##........   45%         4
 Iskenderun's Mystic Bla  Conj/Tloc      ##......     45%         4


Dungeon Overview and Level Annotations

Branches:
Dungeon (2/15)

Altars:

Annotations:
D:2 Jessica


Innate Abilities, Weirdness & Mutations

You cannot wear most types of armour.
You are very stealthy in the water. (Stealth+)
You are amphibious.
You can wear up to eight rings at the same time.
You can use your tentacles to constrict eight enemies at once.
Your skin changes colour to match your surroundings (Stealth+).
Your rubbery body absorbs attacks. (AC +1, EV +1)


Message History

Aim: Jessica, wielding a +0 dagger and wearing a +0 robe (severely wounded)
The magic dart hits Jessica but does no damage.
Jessica is severely wounded.
Jessica mumbles some strange words.
Jessica blinks!
You start resting.
Jessica is nearby!
An adder comes into view.
An adder is nearby!
Casting: Magic Dart (safe; 1% risk of failure)
Confirm with . or Enter, or press ? or * to list all spells.
Aiming: Magic Dart (safe; 1% risk of failure)
Press: ? - help, Shift-Dir - straight line, f/p - Jessica
Aim: Jessica, wielding a +0 dagger and wearing a +0 robe (heavily wounded)
You miscast Magic Dart.
You are very lightly contaminated with residual magic.
Nothing appears to happen.
Jessica points at you and mumbles some strange words.
Pain shoots through your body!
You die...

............ .....@.....
###. .......... #..
#....>....
##.#########@........
#............$.......
#...†...####.......<.
########....†.@# ##..S.†....
(.............@##...########
#####<......†.....#
#.............##.#..#
#.####........#..##).#
#.########.## # #.# #. #.#
..# ...


You could see Jessica.

Vanquished Creatures
  An adder (D:2)
  3 oozes
  A worm (D:2)
  A dart slug (D:1)
  2 giant cockroaches
  4 goblins
  A hobgoblin (D:1)
  A ball python (D:2)
  3 bats
  2 frilled lizards (D:1)
  3 kobolds (D:1)
  5 rats
27 creatures vanquished.

Notes
Turn   | Place    | Note
-------+----------+-------------------------------------------
     0 | D:1      | looop the Octopode Conjurer began the quest for the Orb.
     0 | D:1      | Reached XP level 1. HP: 11/11 MP: 3/3
   220 | D:1      | Reached XP level 2. HP: 17/17 MP: 0/5
   290 | D:1      | Learned a level 2 spell: Searing Ray
   716 | D:1      | Reached XP level 3. HP: 13/21 MP: 2/6
  1224 | D:2      | Reached skill level 5 in Conjurations
  1242 | D:2      | Noticed Jessica
  1268 | D:2      | Killed from afar by Jessica

Illustrated notes

Levels and vault maps discovered:
D:1:      minmay_arrival_four_loops, layout_basic
D:2:      layout_rooms, lemuel_coloured_pillars_altar, grunt_decor_one_mirror,
          uniq_jessica, uniq_natasha

Skill      XL: |  1  2  3 |
---------------+----------+-----
Conjurations   | 5 |  5.0
Dodging        | |  2.0
Stealth        | |  2.6
Spellcasting   | |  2.6

Action                   || total
-------------------------++-------
Melee: Unarmed           ||    14
       Constrict         ||     3
 Cast: Magic Dart        ||    50
       Searing Ray       ||     3
 Stab: Sleeping          ||     1
Armor: Skin              ||     1
Dodge: Dodged            ||     4

Table legend: (Time is in decaauts)
 A = Elapsed time spent in this place.
 B = Non-inter-level travel time spent in this place.
 C = Inter-level travel time spent in this place.
 D = Time resting spent in this place.
 E = Time spent auto-exploring this place.
 F = Levels seen in this place.
 G = Mean time per level.
                   A        B        C        D        E       F      G
               +--------+--------+--------+--------+--------+-----+--------+
         Total |   1268 |   1195 |     73 |    202 |    823 |   2 |  634.0 |
       Dungeon |   1268 |   1195 |     73 |    202 |    823 |   2 |  634.0 |
               +--------+--------+--------+--------+--------+-----+--------+

Top non-repeatable levels by time:
     D:1: 1025 daAuts
     D:2: 243 daAuts
